 Dungeon Crawl Stone Soup version 0.31-a0-986-g5e6e4ef867 (webtiles) character file.

Game seed: 601390264544787394

498 dialectric the Trooper (level 6, -3/63 HPs)
             Began as a Troll Wanderer on Nov 23, 2023.
             Was an Initiate of Qazlal.
             Slain by an iguana (13 damage)
             ... on level 5 of the Dungeon.
             The game lasted 00:06:36 (3985 turns).

dialectric the Trooper (Troll Wanderer)             Turns: 3985, Time: 00:06:36

Health: -3/63      AC:  4    Str: 22    XL:     6   Next: 94%
Magic:  5/5        EV: 10    Int: 10    God:    Qazlal [......]
Gold:   276        SH:  0    Dex:  8    Spells: 5/5 levels left

rFire   . . .        a - +3 mace
rCold   . . .        (no shield)
rNeg    . . .        e - +0 robe
rPois   .            (helmet restricted)
rElec   .            (no cloak)
rCorr   .            (gloves unavailable)
SInv    .            (boots unavailable)
Will    .....        (no amulet)
Stlth   +            (no ring)
HPRegen 1.10/turn    (no ring)
MPRegen 0.09/turn

%: no passive effects
@: no status effects
A: large, unfitting armour, claws 3, regeneration 1, shaggy fur 1, tough skin 1
a: Renounce Religion


You were on level 5 of the Dungeon.
You worshipped Qazlal.
Qazlal was noncommittal.
You visited 2 branches of the dungeon, and saw 6 of its levels.

You collected 276 gold pieces.

Inventory:

Hand Weapons
 a - a +3 mace (weapon)
 c - a +0 dagger
 p - a +0 morningstar
Missiles
 b - 8 boomerangs (quivered)
Armour
 e - a +0 robe (worn)
Wands
 d - a wand of roots (18)
 u - a wand of flame (5)
Scrolls
 f - 2 scrolls of amnesia {unknown}
 h - 2 scrolls of identify {unknown}
 i - 3 scrolls of teleportation {unknown}
 j - a scroll of blinking {unknown}
 l - a scroll of immolation {unknown}
 n - a scroll of vulnerability {unknown}
 o - a scroll of noise {unknown}
 t - a scroll of brand weapon {unknown}
 v - a scroll of enchant armour {unknown}
Potions
 g - a potion of lignification
 k - a potion of resistance {unknown}
 m - a potion of invisibility {unknown}
 q - a potion of haste {unknown}
 r - 2 potions of berserk rage
 s - a potion of attraction {unknown}
 w - a potion of heal wounds
 x - a potion of brilliance {unknown}


   Skills:
 + Level 4.4 Fighting
 + Level 3.6 Maces & Flails
 - Level 1.0 Throwing
 * Level 4.0 Dodging
 - Level 1.0 Invocations
 - Level 1.4 Evocations


You had 5 spell levels left.
You didn't know any spells.
Your spell library contained the following spells:

 Spells                   Type           Power      Damage    Failure   Level
 Summon Small Mammal      Summ           0%         N/A       36%         1
 Call Canine Familiar     Summ           0%         N/A       75%         3
 Summon Guardian Golem    Hex/Summ       0%         N/A       75%         3
 Summon Ice Beast         Ice/Summ       0%         N/A       98%         4
 Arcjolt                  Conj/Air       0%         1d10      100%        5
 Freezing Cloud           Conj/Ice/Air   0%         6-21      100%        5
 Summon Mana Viper        Hex/Summ       0%         N/A       100%        5
 Monstrous Menagerie      Summ           0%         N/A       100%        7
 Ozocubu's Refrigeration  Ice            0%         4d7       100%        7


Dungeon Overview and Level Annotations

Branches:
Dungeon (5/15)             Temple (1/1) D:4

Altars:
Elyvilon
Fedhas
Gozag
Hepliaklqana
Makhleb
Nemelex Xobeh
Qazlal
Uskayaw
Vehumet
Wu Jian
Xom
Zin

Annotations:
Temple Pikel


Innate Abilities, Weirdness & Mutations

You are too large for most types of armour.
You have claws for hands.
Your natural rate of healing is unusually fast.
You are covered in fur. (AC +1)
You have tough skin. (AC +1)


Message History

You hit the centaur.
The centaur is almost dead.
The centaur hits you. The centaur misses you. The iguana barely misses you.
Unknown command.
You sock the centaur!
You kill the centaur!
Qazlal accepts your kill. The iguana bites you!
* * * LOW HITPOINT WARNING * * *
Your Dodging skill increases to level 4!
Unknown command.
Unknown command.
You hit the orc.
The orc is heavily wounded.
The orc barely misses you. The iguana closely misses you.
Unknown command.
You sock the orc!
You kill the orc!
Qazlal accepts your kill. The iguana barely misses you.
The iguana bites you but does no damage.
You barely miss the iguana.
The iguana is moderately wounded.
The iguana barely misses you.
You closely miss the iguana.
The iguana is moderately wounded.
The iguana bites you!
* * * LOW HITPOINT WARNING * * *
You closely miss the iguana.
The iguana is moderately wounded.
The iguana barely misses you.
You sock the iguana!
The iguana is almost dead.
The iguana closely misses you.
You barely miss the iguana.
The iguana is almost dead.
The iguana bites you!
* * * LOW HITPOINT WARNING * * *
The iguana bites you!
You die...

#..<..............#
#.....8.8.8.8.8.8.#####
#.....................#
#......8.8.8.8.8......#
##....................#
#.....#..##..........###
#.....#.#######+###....#
#.......#######...#....####...
#####...+.....l@..'..[........
#...##....))#.#....####...
#.........$.#.######
#...........#.# #..........#.#
........#). #.......##.
#.......# .


You could see an iguana.

Vanquished Creatures
  A centaur (D:5)
  3 lemures
  A scorpion (D:4)
  An orc priest (D:4)
  Ijyb (D:3)
  2 iguanas
  2 orc wizards (D:4)
  7 adders
  2 ufetubi (D:4)
  2 worms (D:2)
  5 dart slugs
  13 orcs
  8 bats
  8 endoplasms
  4 giant cockroaches
  3 goblins (D:1)
  4 hobgoblins
  11 jackals
  5 kobolds
  3 quokkas
  6 ball pythons
  4 frilled lizards
  7 rats
103 creatures vanquished.

Notes
Turn   | Place    | Note
-------+----------+-------------------------------------------
     0 | D:1      | dialectric the Troll Wanderer began the quest for the Orb.
     0 | D:1      | dialectric set off with the following items: a +3 mace, 8
                  | boomerangs, a +0 dagger, a potion of berserk rage, a +0
                  | robe.
     0 | D:1      | Reached XP level 1. HP: 23/23 MP: 0/0
    45 | D:1      | Reached XP level 2. HP: 31/31 MP: 1/1
   213 | D:1      | Reached skill level 1 in Dodging
   544 | D:1      | Reached XP level 3. HP: 36/37 MP: 2/2
   727 | D:2      | Identified the of Sohaka
  1230 | D:2      | Reached XP level 4. HP: 46/46 MP: 3/3
  2363 | D:4      | Reached XP level 5. HP: 50/54 MP: 4/4
  2406 | D:4      | Noticed Ijyb
  2449 | D:4      | Noticed a lemure
  2449 | D:4      | Noticed a lemure
  2449 | D:4      | Noticed a lemure
  2449 | D:4      | Noticed a lemure
  2549 | D:4      | Noticed Pikel
  2560 | D:3      | Killed a lemure
  2600 | D:3      | Killed Ijyb
  2841 | D:4      | Reached XP level 6. HP: 30/62 MP: 5/5
  2913 | D:4      | Found a staircase to the Ecumenical Temple.
  3060 | Temple   | Entered the Ecumenical Temple
  3086 | Temple   | Became a worshipper of Qazlal Stormbringer
  3830 | D:5      | Entered Level 5 of the Dungeon
  3985 | D:5      | Slain by an iguana

Illustrated notes

Levels and vault maps discovered:
D:1:      lightli_arrival_statuegarden, layout_basic, serial_bayou_lagoon_a,
          grunt_decor_mini_mirrors, nicolae_titane
D:2:      layout_loops_ring, kennysheep_generic_room_5
D:3:      layout_basic
D:4:      layout_basic, minmay_temple_entry_poolview, uniq_pikel, uniq_ijyb
D:5:      layout_basic, minmay_misc_feat_pillars
Temple:   hc_temple_tempest_star

Skill      XL: |  1  2  3  4  5  6 |
---------------+-------------------+-----
Maces & Flails | 2 3 |  3.6
Dodging        | 1 2 3 4 |  4.0
Fighting       | 4 |  4.4
Throwing       | |  1.0
Invocations    | |  1.0
Evocations     | |  1.4

Action                     |  1- 3 |  4- 6 || total
---------------------------+-------+-------++-------
  Melee: Mace              |   117 |   240 ||   357
         Punch             |       |     2 ||     2
    Use: Scroll            |       |     1 ||     1
         Potion            |       |     5 ||     5
 Armour: Robe              |   102 |   290 ||   392
         Skin              |       |    49 ||    49
  Dodge: Dodged            |    66 |   200 ||   266

Table legend: (Time is in decaauts)
 A = Elapsed time spent in this place.
 B = Non-inter-level travel time spent in this place.
 C = Inter-level travel time spent in this place.
 D = Time resting spent in this place.
 E = Time spent auto-exploring this place.
 F = Levels seen in this place.
 G = Mean time per level.
                   A        B        C        D        E       F      G
               +--------+--------+--------+--------+--------+-----+--------+
         Total |   4096 |   3913 |    183 |    200 |   2557 |   6 |  682.7 |
       Dungeon |   4037 |   3865 |    172 |    194 |   2557 |   5 |  807.4 |
        Temple |     59 |     48 |     11 |      6 |      0 |   1 |   59.0 |
               +--------+--------+--------+--------+--------+-----+--------+

Top non-repeatable levels by time:
     D:3: 1178 daAuts
     D:4: 1174 daAuts
     D:2: 775 daAuts
     D:1: 749 daAuts
     D:5: 160 daAuts
  Temple: 59 daAuts
